PBL
TORONTO BLUE JAYS @ BALTIMORE ORIOLES
05/10/2071
 
TOP OF THE 1ST
Toronto Blue Jays batting - Pitching for Baltimore Orioles : RHP Fernando Cruz
Pitching: RHP Fernando Cruz
Batting: LHB Mike González 0-0: Ground out 6-3 (Groundball, 6, EV 83.1 MPH)
Batting: RHB Jesús González 0-0: Swinging Strike
0-1: Swinging Strike
0-2: Ball
1-2: Strikes out looking
Batting: LHB John Alcorn 0-0: Ball
1-0: SOLO HOME RUN (Flyball, 8RXD, EV 101.9 MPH), Distance : 409 ft
Batting: LHB Stan Encell 0-0: Ball
1-0: Ball
2-0: Foul Ball, location: 2F
2-1: Ball
3-1: Swinging Strike
3-2: SINGLE (Groundball, 4MD, EV 105.0 MPH)
Batting: LHB Mels Isabekian 0-0: Ball
1-0: Swinging Strike
1-1: Called Strike
1-2: Ball
2-2: Foul Ball, location: 2F
2-2: Ball
3-2: Foul Ball, location: 23FF
3-2: Strikes out looking
Top of the 1st over - 1 run, 2 hits, 0 errors, 1 left on base; Toronto 1 - Baltimore 0
BOTTOM OF THE 1ST
Baltimore Orioles batting - Pitching for Toronto Blue Jays : RHP Héctor Bautista
Pitching: RHP Héctor Bautista
Batting: LHB Shinobu Narita 0-0: Foul Ball, location: 3SF
0-1: Swinging Strike
0-2: Ball
1-2: Ball
2-2: Strikes out swinging
Batting: RHB Manny Rivera 0-0: Hit by Pitch
Batting: LHB Ken Brown 0-0: Called Strike
0-1: Ball
1-1: Called Strike
1-2: Ball
2-2: Foul Ball, location: 7LMF
2-2: Strikes out swinging
Batting: LHB Phil Bastien 0-0: Called Strike
0-1: Fly out, F9 (Flyball, 9LS, EV 76.3 MPH)
Bottom of the 1st over - 0 runs, 0 hits, 0 errors, 1 left on base; Toronto 1 - Baltimore 0
TOP OF THE 2ND
Toronto Blue Jays batting - Pitching for Baltimore Orioles : RHP Fernando Cruz
Batting: LHB Roberto Snyder 0-0: Ball
1-0: Ground out 5-3 (Groundball, 56, EV 82.5 MPH)
Batting: RHB José Ríos 0-0: Ball
1-0: Ball
2-0: Foul Ball, location: 2F
2-1: Foul Ball, location: 3FF
2-2: Ball
3-2: Fly out, F8 (Flyball, 8RM, EV 99.4 MPH)
Batting: RHB Michael Burke 0-0: Called Strike
0-1: Ball
1-1: Foul Ball, location: 9LSF
1-2: Ball
2-2: Ground out 4-3 (Groundball, 4, EV 91.9 MPH)
Top of the 2nd over - 0 runs, 0 hits, 0 errors, 0 left on base; Toronto 1 - Baltimore 0
BOTTOM OF THE 2ND
Baltimore Orioles batting - Pitching for Toronto Blue Jays : RHP Héctor Bautista
Batting: RHB Jeff Cox 0-0: Ball
1-0: Called Strike
1-1: Foul Ball, location: 9LSF
1-2: Strikes out swinging
Batting: SHB Curt Powell 0-0: Ball
1-0: Ball
2-0: Called Strike
2-1: Fly out, F9 (Line Drive, 9S, EV 88.8 MPH)
Batting: LHB Héctor Hernández 0-0: SOLO HOME RUN (Flyball, 9LD, EV 93.8 MPH), Distance : 346 ft
Batting: LHB Nicholas Bradley 0-0: Ball
1-0: Called Strike
1-1: Foul Ball, location: 2F
1-2: Ball
2-2: SINGLE (Line Drive, 4MD, EV 95.6 MPH)
Batting: RHB Mike Lansfor 0-0: Called Strike
0-1: Ball
1-1: Ball
2-1: Fly out, F7 (Flyball, 7S, EV 82.5 MPH)
Bottom of the 2nd over - 1 run, 2 hits, 0 errors, 1 left on base; Toronto 1 - Baltimore 1
TOP OF THE 3RD
Toronto Blue Jays batting - Pitching for Baltimore Orioles : RHP Fernando Cruz
Batting: RHB Luis Román 0-0: Called Strike
0-1: Swinging Strike
0-2: Strikes out swinging
Batting: LHB Mike González 0-0: Ball
1-0: Called Strike
1-1: Swinging Strike
1-2: Strikes out swinging
Batting: RHB Jesús González 0-0: Ground out 5-3 (Groundball, 56, EV 81.3 MPH)
Top of the 3rd over - 0 runs, 0 hits, 0 errors, 0 left on base; Toronto 1 - Baltimore 1
BOTTOM OF THE 3RD
Baltimore Orioles batting - Pitching for Toronto Blue Jays : RHP Héctor Bautista
Batting: LHB Shinobu Narita 0-0: Called Strike
0-1: Ball
1-1: Ball
2-1: Ground out U3 (Groundball, 34S, EV 95.0 MPH)
Batting: RHB Manny Rivera 0-0: Ball
1-0: Swinging Strike
1-1: Ball
2-1: Foul Ball, location: 5F
2-2: Foul Ball, location: 2F
2-2: Ball
3-2: Base on Balls
Batting: LHB Ken Brown 0-0: Ball
Manny Rivera steals 2nd base
1-0: Foul Ball, location: 5F
1-1: Ball
2-1: DOUBLE (Flyball, 78XD, EV 99.4 MPH)
Manny Rivera scores
Batting: LHB Phil Bastien 0-0: Called Strike
0-1: Swinging Strike
0-2: Ball
1-2: Foul Ball, location: 2F
1-2: Strikes out looking
Batting: RHB Jeff Cox 0-0: Called Strike
0-1: Called Strike
0-2: Strikes out looking
Bottom of the 3rd over - 1 run, 1 hit, 0 errors, 1 left on base; Toronto 1 - Baltimore 2
TOP OF THE 4TH
Toronto Blue Jays batting - Pitching for Baltimore Orioles : RHP Fernando Cruz
Batting: LHB John Alcorn 0-0: Ball
1-0: Ball
2-0: SINGLE (Line Drive, 78M, EV 95.6 MPH)
Batting: LHB Stan Encell 0-0: Called Strike
0-1: Ball
John Alcorn is caught stealing 2nd base 2-6
1-1: Foul Ball, location: 3SF
1-2: Strikes out swinging
Batting: LHB Mels Isabekian 0-0: Swinging Strike
0-1: Ball
1-1: Swinging Strike
1-2: Strikes out looking
Top of the 4th over - 0 runs, 1 hit, 0 errors, 0 left on base; Toronto 1 - Baltimore 2
BOTTOM OF THE 4TH
Baltimore Orioles batting - Pitching for Toronto Blue Jays : RHP Héctor Bautista
Batting: SHB Curt Powell 0-0: Swinging Strike
0-1: Ground out 5-3 (Groundball, 56, EV 92.5 MPH)
Batting: LHB Héctor Hernández 0-0: Ball
1-0: Fly out, F3 (Popup, 23F, EV 88.8 MPH)
Batting: LHB Nicholas Bradley 0-0: Called Strike
0-1: Called Strike
0-2: Ball
1-2: DOUBLE (Line Drive, 7LS, EV 105.0 MPH)
Batting: RHB Mike Lansfor 0-0: Ball
1-0: Foul Ball, location: 9LDF
1-1: Ball
2-1: Foul Ball, location: 2F
2-2: Ground out 5-3 (Groundball, 56, EV 86.3 MPH)
Bottom of the 4th over - 0 runs, 1 hit, 0 errors, 1 left on base; Toronto 1 - Baltimore 2
TOP OF THE 5TH
Toronto Blue Jays batting - Pitching for Baltimore Orioles : RHP Fernando Cruz
Batting: LHB Roberto Snyder 0-0: Called Strike
0-1: Ball
1-1: SINGLE (Line Drive, 34D, EV 94.4 MPH)
Batting: RHB José Ríos 0-0: Sac Bunt to 5S - play at first, batter OUT! 5-3
Roberto Snyder to second
Batting: RHB Michael Burke 0-0: Ball
1-0: Ball
2-0: Called Strike
2-1: Foul Ball, location: 2F
2-2: Foul Ball, location: 7LDF
2-2: Foul Ball, location: 9LSF
2-2: Foul Ball, location: 2LF
2-2: Hit by Pitch
Batting: RHB Luis Román 0-0: Ball
1-0: Ball
2-0: Fly out, F8 (Flyball, 89M, EV 83.8 MPH)
Batting: LHB Mike González 0-0: Ball
1-0: Foul Ball, location: 2F
1-1: Foul Ball, location: 25FF
1-2: Foul Ball, location: 2LF
1-2: Ball
2-2: Foul Ball, location: 2F
2-2: TRIPLE (Line Drive, 9LD, EV 101.3 MPH)
Roberto Snyder scores
Michael Burke scores
Batting: RHB Jesús González 0-0: Ground out 4-3 (Groundball, 34, EV 88.1 MPH)
Top of the 5th over - 2 runs, 2 hits, 0 errors, 1 left on base; Toronto 3 - Baltimore 2
BOTTOM OF THE 5TH
Baltimore Orioles batting - Pitching for Toronto Blue Jays : RHP Héctor Bautista
Batting: LHB Shinobu Narita 0-0: Ball
1-0: Called Strike
1-1: Ball
2-1: Ball
3-1: SINGLE (Groundball, 4S, EV 70.6 MPH) (infield hit)
Batting: RHB Manny Rivera 0-0: Ball
1-0: Ball
Shinobu Narita steals 2nd base
2-0: Ball
3-0: Base on Balls
Batting: LHB Ken Brown 0-0: Called Strike
0-1: Ball
1-1: Ball
2-1: Foul Ball, location: 2F
2-2: Ball
3-2: Base on Balls
Shinobu Narita to third
Manny Rivera to second
Batting: LHB Phil Bastien 0-0: Called Strike
0-1: Called Strike
0-2: Ball
1-2: Foul Ball, location: 5F
1-2: Ground out 6-3 (Groundball, P, EV 90.0 MPH)
Shinobu Narita scores
Manny Rivera to third
Ken Brown to second
Batting: RHB Jeff Cox 0-0: Swinging Strike
0-1: Swinging Strike
0-2: Ground out 2-3 (Groundball, 15S, EV 74.4 MPH)
Batting: SHB Curt Powell 0-0: Called Strike
0-1: Swinging Strike
0-2: Ball
1-2: Foul Ball, location: 7LDF
1-2: Reached via error on a dropped throw from SS, E3 (Groundball, 6, EV 79.4 MPH)
Manny Rivera scores
Ken Brown to third
Batting: LHB Héctor Hernández 0-0: Called Strike
0-1: Swinging Strike
0-2: Ball
1-2: Fly out, F7 (Flyball, 7D, EV 100.6 MPH)
Bottom of the 5th over - 2 runs, 1 hit, 1 error, 2 left on base; Toronto 3 - Baltimore 4
TOP OF THE 6TH
Toronto Blue Jays batting - Pitching for Baltimore Orioles : RHP Fernando Cruz
Batting: LHB John Alcorn 0-0: Called Strike
0-1: Ball
1-1: Swinging Strike
1-2: Ball
2-2: Foul Ball, location: 23FF
2-2: SINGLE (Line Drive, 6D, EV 98.1 MPH)
Batting: LHB Stan Encell 0-0: Ball
1-0: DOUBLE (Line Drive, 7LM, EV 103.8 MPH)
John Alcorn to third
Batting: LHB Mels Isabekian 0-0: DOUBLE (Flyball, 8LXD, EV 103.1 MPH)
John Alcorn scores
Stan Encell scores
Pitching: RHP José Chávez
Batting: LHB Roberto Snyder 0-0: Ball
1-0: Ball
2-0: Foul Ball, location: 5F
2-1: Ball
3-1: Base on Balls
Batting: RHB José Ríos 0-0: Ball
1-0: Called Strike
1-1: Ball
2-1: Ball
3-1: Base on Balls
Mels Isabekian to third
Roberto Snyder to second
Batting: RHB Michael Burke 0-0: Foul Ball, location: 5FF
0-1: Swinging Strike
0-2: Strikes out swinging
Batting: RHB Luis Román 0-0: Ball
1-0: TRIPLE (Groundball, 3L, EV 94.4 MPH)
Mels Isabekian scores
Roberto Snyder scores
José Ríos scores
Batting: LHB Mike González 0-0: Ball
1-0: Fly out, F7 (Line Drive, 78M, EV 100.0 MPH)
Runner from 3rd tags up, SCORES, no throw by LF
Batting: RHB Jesús González 0-0: Ball
1-0: SINGLE (Line Drive, 34, EV 98.1 MPH)
Pitching: LHP Valentín Marroquín
Batting: LHB John Alcorn 0-0: Ball
1-0: Fly out, F7 (Flyball, 7, EV 100.0 MPH)
Top of the 6th over - 6 runs, 5 hits, 0 errors, 1 left on base; Toronto 9 - Baltimore 4
BOTTOM OF THE 6TH
Baltimore Orioles batting - Pitching for Toronto Blue Jays : RHP Héctor Bautista
Pitching: RHP John De leon
Batting: LHB Nicholas Bradley 0-0: Foul Ball, location: 2F
0-1: Ball
1-1: Swinging Strike
1-2: Ball
2-2: Strikes out swinging
Batting: RHB Mike Lansfor 0-0: Ball
1-0: Foul Ball, location: 2F
1-1: Ball
2-1: Ball
3-1: Called Strike
3-2: Base on Balls
Batting: LHB Shinobu Narita 0-0: Foul Ball, location: 3DF
0-1: Fly out, F8 (Flyball, 89M, EV 90.6 MPH)
Batting: RHB Manny Rivera 0-0: Swinging Strike
0-1: Called Strike
0-2: Foul Ball, location: 2F
0-2: Fly out, F6 (Line Drive, 6M, EV 68.8 MPH)
Bottom of the 6th over - 0 runs, 0 hits, 0 errors, 1 left on base; Toronto 9 - Baltimore 4
TOP OF THE 7TH
Toronto Blue Jays batting - Pitching for Baltimore Orioles : LHP Valentín Marroquín
Batting: LHB Stan Encell 0-0: Foul Ball, location: 5F
0-1: Foul Ball, location: 23F
0-2: Strikes out swinging
Batting: LHB Mels Isabekian 0-0: Called Strike
0-1: SINGLE (Line Drive, 7S, EV 97.5 MPH)
Batting: LHB Roberto Snyder 0-0: Ball
1-0: Foul Ball, location: 7LMF
1-1: Ball
2-1: Ball
3-1: SINGLE (Groundball, 4MD, EV 100.6 MPH)
Mels Isabekian to second
Batting: RHB José Ríos 0-0: Ball
1-0: Ball
2-0: Ball
3-0: Called Strike
3-1: Swinging Strike
3-2: Foul Ball, location: 7LMF
3-2: SINGLE (Groundball, 6, EV 108.8 MPH)
Mels Isabekian to third
Roberto Snyder to second
Batting: RHB Michael Burke 0-0: SINGLE (Line Drive, 6M, EV 66.9 MPH)
Mels Isabekian scores
Roberto Snyder to third
José Ríos to second
Batting: RHB Luis Román 0-0: Called Strike
0-1: Foul Ball, location: 5SF
0-2: Reached on error, E5 (Groundball, 56S, EV 83.8 MPH)
Roberto Snyder scores
José Ríos to third
Michael Burke to second
Batting: LHB Mike González 0-0: Foul Ball, location: 25F
0-1: Foul Ball, location: 3F
0-2: Strikes out swinging
Batting: RHB Jesús González 0-0: Called Strike
0-1: Ball
1-1: SINGLE (Groundball, 34D, EV 103.8 MPH)
José Ríos scores
Michael Burke to third
Luis Román to second
Runner from 3rd tries for Home, SAFE, throw by RF to home
Batting: LHB John Alcorn 0-0: Foul Ball, location: 5SF
0-1: Ball
1-1: Foul Ball, location: 25F
1-2: Strikes out looking
Top of the 7th over - 4 runs, 5 hits, 1 error, 2 left on base; Toronto 13 - Baltimore 4
BOTTOM OF THE 7TH
Baltimore Orioles batting - Pitching for Toronto Blue Jays : RHP John De leon
Batting: LHB Ken Brown 0-0: Fly out, F8 (Flyball, 8LM, EV 90.6 MPH)
Batting: LHB Phil Bastien 0-0: Called Strike
0-1: Swinging Strike
0-2: Ball
1-2: Foul Ball, location: 9LDF
1-2: Fly out, F7 (Flyball, 78M, EV 90.0 MPH)
Batting: RHB Jeff Cox 0-0: Foul Ball, location: 7LMFF
0-1: Foul Ball, location: 5F
0-2: Ball
1-2: Ball
2-2: SINGLE (Line Drive, 9LS, EV 110.6 MPH)
Batting: SHB Curt Powell 0-0: Ball
Jeff Cox steals 2nd base (no throw)
1-0: Foul Ball, location: 7LSF
1-1: Foul Ball, location: 2F
1-2: Strikes out swinging
Bottom of the 7th over - 0 runs, 1 hit, 0 errors, 1 left on base; Toronto 13 - Baltimore 4
TOP OF THE 8TH
Toronto Blue Jays batting - Pitching for Baltimore Orioles : LHP Valentín Marroquín
Batting: LHB Stan Encell 0-0: Foul Ball, location: 25F
0-1: Swinging Strike
0-2: SINGLE (Groundball, 4D, EV 108.8 MPH)
Batting: LHB Mels Isabekian 0-0: Ball
1-0: Swinging Strike
1-1: Called Strike
1-2: Ball
2-2: Ball
3-2: Base on Balls
Stan Encell to second
Batting: LHB Roberto Snyder 0-0: Ball
1-0: Foul Ball, location: 2F
1-1: Ball
2-1: Foul Ball, location: 7LMF
2-2: Ball
Wild Pitch!
Stan Encell to third
Mels Isabekian to second
3-2: Foul Ball, location: 23F
3-2: DOUBLE (Line Drive, 7LS, EV 91.9 MPH)
Stan Encell scores
Mels Isabekian scores
Pitching: LHP Telma Capelas
Batting: RHB José Ríos 0-0: Ball
1-0: Called Strike
1-1: Foul Ball, location: 2F
1-2: Ball
2-2: Foul Ball, location: 3F
2-2: Strikes out swinging
Batting: RHB Michael Burke 0-0: Called Strike
0-1: Ball
1-1: Called Strike
1-2: Foul Ball, location: 2F
1-2: Strikes out swinging
Batting: RHB Luis Román 0-0: Foul Ball, location: 9LDF
0-1: Called Strike
0-2: Strikes out looking
Top of the 8th over - 2 runs, 2 hits, 0 errors, 1 left on base; Toronto 15 - Baltimore 4
BOTTOM OF THE 8TH
Baltimore Orioles batting - Pitching for Toronto Blue Jays : RHP John De leon
Pitching: RHP Tsurayuki Shibata
Batting: LHB Héctor Hernández 0-0: Ball
1-0: Ball
2-0: Called Strike
2-1: Ball
3-1: Ground out 6-3 (Groundball, 4M, EV 105.0 MPH)
Pinch Hitting: RHB Calvin Pucetas 0-0: SINGLE (Groundball, 4MD, EV 101.3 MPH)
Batting: RHB Mike Lansfor 0-0: Foul Ball, location: 9LSF
0-1: Foul Ball, location: 2F
0-2: Strikes out looking
Batting: LHB Shinobu Narita 0-0: Called Strike
0-1: Ball
1-1: Called Strike
1-2: Ground out 4-3 (Groundball, 34D, EV 100.0 MPH)
Bottom of the 8th over - 0 runs, 1 hit, 0 errors, 1 left on base; Toronto 15 - Baltimore 4
TOP OF THE 9TH
Toronto Blue Jays batting - Pitching for Baltimore Orioles : LHP Telma Capelas
Now in LF: Calvin Pucetas
Batting: LHB Mike González 0-0: Called Strike
0-1: Ball
1-1: Ball
2-1: Fly out, F9 (Flyball, 9, EV 89.4 MPH)
Batting: RHB Jesús González 0-0: Ball
1-0: Ball
2-0: Swinging Strike
2-1: Fly out, F7 (Flyball, 78D, EV 103.1 MPH)
Batting: LHB John Alcorn 0-0: Ball
1-0: Ball
2-0: SINGLE (Groundball, 6M, EV 105.0 MPH) (infield hit)
Batting: LHB Stan Encell 0-0: Foul Ball, location: 23FF
0-1: Fly out, F6 (Popup, 6S, EV 75.6 MPH)
Top of the 9th over - 0 runs, 1 hit, 0 errors, 1 left on base; Toronto 15 - Baltimore 4
BOTTOM OF THE 9TH
Baltimore Orioles batting - Pitching for Toronto Blue Jays : RHP Tsurayuki Shibata
Batting: RHB Manny Rivera 0-0: Ball
1-0: Ground out 6-3 (Groundball, 6, EV 85.6 MPH)
Batting: LHB Ken Brown 0-0: Swinging Strike
0-1: Ball
1-1: Ball
2-1: Swinging Strike
2-2: Ball
3-2: Foul Ball, location: 2F
3-2: Base on Balls
Batting: LHB Phil Bastien 0-0: Ball
1-0: Fly out, F8 (Flyball, 78D, EV 111.3 MPH)
Batting: RHB Jeff Cox 0-0: Ball
1-0: SINGLE (Groundball, 34D, EV 102.5 MPH)
Ken Brown to second
Batting: SHB Curt Powell 0-0: SINGLE (Line Drive, 9S, EV 85.0 MPH)
Ken Brown to third
Jeff Cox to second
Batting: LHB Héctor Hernández 0-0: Swinging Strike
0-1: Foul Ball, location: 9LSF
0-2: Ball
1-2: Foul Ball, location: 3F
1-2: Strikes out swinging
Bottom of the 9th over - 0 runs, 2 hits, 0 errors, 3 left on base; Toronto 15 - Baltimore 4
Saturday, April 13th , 2024 - OOTP Baseball 24.10 Build 82